 Dungeon Crawl Stone Soup version 0.29-a0-82-g837932c90e (webtiles) character file.

Game seed: 9002053389967727238

196 lordive the Sneak (level 5, 0/25 HPs)
             Began as a Spriggan Enchanter on Feb 5, 2022.
             Slain by Edmund (9 damage)
             ... on level 3 of the Dungeon.
             The game lasted 00:06:28 (4641 turns).

lordive the Sneak (Spriggan Enchanter)              Turns: 4641, Time: 00:06:29

Health: 0/25       AC:  2    Str:  4    XL:     5   Next: 46%
Magic:  1/11       EV: 18    Int: 19    God:
Gold:   137        SH:  0    Dex: 15    Spells: 2/10 levels left

rFire   . . .      SeeInvis +   a - +1 dagger
rCold   . . .      Faith    .   (no shield)
rNeg    . . .      Spirit   .   b - +0 robe
rPois   .          Reflect  .   (helmet restricted)
rElec   .          Harm     .   (no cloak)
rCorr   .          Rampage  .   (gloves unavailable)
Will    .....                   (boots unavailable)
Stlth   +++.......              (no amulet)
HPRegen 0.08/turn               (no ring)
MPRegen 0.12/turn               (no ring)

@: very quick
A: very small, no large weapons, unfitting armour, see invisible, speed 3
a: no special abilities


You were on level 3 of the Dungeon.
You visited 1 branch of the dungeon, and saw 4 of its levels.

You collected 137 gold pieces.

Inventory:

Hand Weapons
 a - a +1 dagger (weapon)
Missiles
 j - a throwing net
Armour
 b - a +0 robe (worn)
Magical Staves
 k - a staff of conjuration
Scrolls
 d - a scroll of blinking {unknown}
 e - 2 scrolls of immolation {unknown}
 g - 3 scrolls of enchant weapon {unknown}
 h - a scroll of enchant armour {unknown}
 l - 2 scrolls of amnesia {unknown}
 m - a scroll of vulnerability {unknown}
 n - a scroll of teleportation {unknown}
 p - a scroll of brand weapon {unknown}
 r - 2 scrolls of fear {unknown}
 s - 2 scrolls of identify {unknown}
Potions
 c - a potion of invisibility
 f - a potion of ambrosia {unknown}
 i - a potion of might {unknown}
 o - 2 potions of flight {unknown}
 q - a potion of heal wounds {unknown}


   Skills:
 * Level 1.0 Fighting
 * Level 2.3 Short Blades
 * Level 1.0 Armour
 * Level 3.4 Dodging
 + Level 5.9 Stealth
 + Level 3.3 Spellcasting
 * Level 0.7 Conjurations
 * Level 4.5 Hexes


You had 2 spell levels left.
You knew the following spells:

 Your Spells              Type           Power      Damage    Failure   Level
a - Ensorcelled Hibernat  Hex/Ice        22%        N/A       9%          2
b - Confusing Touch       Hex            20%        N/A       7%          3
c - Tukima's Dance        Hex            20%        N/A       7%          3

Your spell library contained the following spells:

 Spells                   Type           Power      Damage    Failure   Level
 Passwall                 Tmut/Erth      2%         N/A       22%         2
 Dazzling Flash           Conj/Hex       26%        N/A       16%         3
 Mephitic Cloud           Conj/Pois/Air  4%         N/A       38%         3
 Ignite Poison            Fire/Tmut/Pois 3%         N/A       41%         3
 Swiftness                Air            3%         N/A       41%         3
 Iskenderun's Mystic Bla  Conj/Tloc      4%         2d3       77%         4
 Freezing Cloud           Conj/Ice/Air   2%         6-21      98%         5
 Starburst                Conj/Fire      2%         6d3       100%        6


Dungeon Overview and Level Annotations

Branches:
Dungeon (4/15)
 Temple: D:4-7

Altars:
Cheibriados

Shops:
D:3 [

Annotations:
D:3 Edmund


Innate Abilities, Weirdness & Mutations

You are very small and have problems with some larger weapons.
You are too small for most types of armour.
You have supernaturally acute eyesight. (SInv)
You cover ground extremely quickly. (Speed+++)


Message History

a +0 leather armour; a +0 dagger
Casting: Ensorcelled Hibernation (safe; 9% risk of failure)
Confirm with . or Enter, or press ? or * to list all spells.
Aiming: Ensorcelled Hibernation (safe; 9% risk of failure)
Press: ? - help, Shift-Dir - straight line, f/p - Edmund
Aim: Edmund, wielding a +3 flail of protection and wearing a +3 leather armour of positive energy (heavily wounded, chance to affect: 45%) Edmund resists with some effort.
Edmund is nearby!
Casting: Ensorcelled Hibernation (safe; 9% risk of failure)
Confirm with . or Enter, or press ? or * to list all spells.
Aiming: Ensorcelled Hibernation (safe; 9% risk of failure)
Press: ? - help, Shift-Dir - straight line, f/p - Edmund
Aim: Edmund, wielding a +3 flail of protection and wearing a +3 leather armour of positive energy (heavily wounded, chance to affect: 45%) Edmund resists with some effort.
As you close the door, it creaks loudly!
Casting: Ensorcelled Hibernation (safe; 9% risk of failure)
Confirm with . or Enter, or press ? or * to list all spells.
Aiming: Ensorcelled Hibernation (safe; 9% risk of failure)
Press: ? - help, Shift-Dir - straight line, f/p - Edmund
Aim: Edmund, wielding a +3 flail of protection and wearing a +3 leather armour of positive energy (heavily wounded, chance to affect: 45%) Edmund resists with some effort.
Edmund says, "You wouldn't believe how much I paid for this flail."
Edmund says, "People accused me of being a cutpurse!"
Casting: Ensorcelled Hibernation (safe; 9% risk of failure)
Confirm with . or Enter, or press ? or * to list all spells.
Aiming: Ensorcelled Hibernation (safe; 9% risk of failure)
Press: ? - help, Shift-Dir - straight line, f/p - Edmund
Aim: Edmund, wielding a +3 flail of protection and wearing a +3 leather armour of positive energy (heavily wounded, chance to affect: 45%) Edmund resists with some effort.
Edmund clears his throat.
Casting: Ensorcelled Hibernation (safe; 9% risk of failure)
Confirm with . or Enter, or press ? or * to list all spells.
Aiming: Ensorcelled Hibernation (safe; 9% risk of failure)
Press: ? - help, Shift-Dir - straight line, f/p - Edmund
Aim: Edmund, wielding a +3 flail of protection and wearing a +3 leather armour of positive energy (heavily wounded, chance to affect: 45%) Edmund looks drowsy...
Edmund shouts!
Edmund mutters, "Who needs spells, anyway?"
Edmund hits you with a +3 flail of protection!
You die...

#######.###.#.#.......#.#.#..####
.....[[...#...##.###.##...#.##
#######.#.#.#...........#.#.#
#####.#.).##.###.###.##...#####
#..<..#.#...............####...
#.#####.##.###.###.###.## #.##
#.# #.##.###.#####.### #.#
#.#####.##......## #.#### #.#
#.##.........@@..# #....# #.#
#.##.#####.#####.# ####.# #.##
#.##.#⌠≈≈###≈≈⌠#.######.####.#.
#.##@#≈≈≈≈≈≈≈≈≈#.##..........#.
#.##.#≈≈w###≈≈≈#.##.###.######.
#.##.##≈##.##≈##.##.# #...# #.
#.##..#≈≈._.#≈+...#.# ###.# #.
#.##.##≈##.##≈##....# #.# #.
##.##.#≈≈≈###≈≈≈#.##.#####.####.


You could see Edmund.

Vanquished Creatures
  A black bear (D:3)
  2 adders
  4 worms
  2 orcs (D:3)
  3 bats
  7 endoplasms
  3 giant cockroaches
  6 goblins
  9 hobgoblins
  7 jackals
  2 kobolds
  2 quokkas (D:2)
  10 ball pythons
  5 frilled lizards
  6 rats
69 creatures vanquished.

Notes
Turn   | Place    | Note
-------+----------+-------------------------------------------
     0 | D:1      | lordive the Spriggan Enchanter began the quest for the Orb.
     0 | D:1      | Reached XP level 1. HP: 9/9 MP: 5/5
   499 | D:1      | Reached XP level 2. HP: 13/13 MP: 6/6
   502 | D:1      | Learned a level 2 spell: Ensorcelled Hibernation
   768 | D:1      | Reached skill level 5 in Stealth
  1148 | D:2      | Reached XP level 3. HP: 16/16 MP: 2/8
  1712 | D:2      | Found a faded altar of an unknown god.
  1923 | D:2      | Reached XP level 4. HP: 21/21 MP: 9/9
  1938 | D:2      | Learned a level 3 spell: Confusing Touch
  1942 | D:2      | Learned a level 3 spell: Tukima's Dance
  2733 | D:3      | Found Utuarut's Armour Boutique.
  3375 | D:3      | Found a snail-covered altar of Cheibriados.
  3834 | D:3      | Noticed a black bear
  3841 | D:3      | Killed a black bear
  3842 | D:3      | Reached skill level 1 in Fighting
  3842 | D:3      | Reached skill level 1 in Armour
  3842 | D:3      | Reached XP level 5. HP: 25/25 MP: 9/11
  4201 | D:4      | Noticed Edmund
  4209 | D:4      | HP: 1/25 [Edmund (9)]
  4641 | D:3      | Slain by Edmund

Illustrated notes

Levels and vault maps discovered:
D:1:      minmay_arrival_shattered_statue, layout_loops_ring
D:2:      layout_loops_cross, chequers_ecumenical_altar_grove
D:3:      layout_loops_ring, cheibrodos_worm_habitat, serial_shops, shop,
          nicolae_concentric_dashed_squares_wild
D:4:      layout_cave_pods, mainiacjoe_overflow_concentric_impassable,
          mainiacjoe_overflow_tiny_flanked, small_statue_intersection,
          minmay_lizard_king, uniq_edmund, uniq_sigmund

Skill      XL: |  1  2  3  4 |
---------------+-------------+-----
Stealth        | 5 |  5.9
Dodging        | 3 |  3.4
Hexes          | 4 |  4.5
Short Blades   | 2 |  2.3
Spellcasting   | 3 |  3.3
Fighting       | 1 |  1.0
Armour         | 1 |  1.0
Conjurations   | |  0.7

Action                   |  1- 3 |  4- 6 || total
-------------------------+-------+-------++-------
Melee: Dagger            |    76 |    59 ||   135
 Cast: Ensorcelled Hiber |    22 |    44 ||    66
       Confusing Touch   |       |     1 ||     1
 Stab: Sleeping          |    31 |    19 ||    50
       Confused          |       |     2 ||     2
Armor: Robe              |     3 |     4 ||     7
Dodge: Dodged            |    52 |    52 ||   104

Table legend: (Time is in decaauts)
 A = Elapsed time spent in this place.
 B = Non-inter-level travel time spent in this place.
 C = Inter-level travel time spent in this place.
 D = Time resting spent in this place.
 E = Time spent auto-exploring this place.
 F = Levels seen in this place.
 G = Mean time per level.
                   A        B        C        D        E       F      G
               +--------+--------+--------+--------+--------+-----+--------+
         Total |   3721 |   3644 |     77 |    591 |   2503 |   4 |  930.2 |
       Dungeon |   3721 |   3644 |     77 |    591 |   2503 |   4 |  930.2 |
               +--------+--------+--------+--------+--------+-----+--------+

Top non-repeatable levels by time:
     D:3: 1703 daAuts
     D:2: 910 daAuts
     D:1: 875 daAuts
     D:4: 231 daAuts
